 Dungeon Crawl Stone Soup version 0.27-a0-808-g60bc5d92e6 (webtiles) character file.

Game seed: 6079834928742639729

74 rednaxela the Chiller (level 4, -8/30 HPs)
             Began as a Vampire Ice Elementalist on Mar 28, 2021.
             Mangled by Crazy Yiuf
             ... wielding a +2 quarterstaff of chaos
              (14 damage)
             ... on level 2 of the Dungeon.
             The game lasted 00:06:10 (2117 turns).

rednaxela the Chiller (Vampire Ice Elementalist)    Turns: 2117, Time: 00:06:10

Health: -8/30      AC:  2    Str:  7    XL:     4   Next: 9%
Magic:  5/10       EV: 12    Int: 18    God:
Gold:   54         SH:  0    Dex: 14    Spells: 7/11 levels left

rFire    . . .     SeeInvis +   b - +0 dagger
rCold    . . .     Faith    .   (no shield)
rNeg     . . .     Spirit   .   a - +0 robe
rPois    .         Reflect  .   (no helmet)
rElec    .         Harm     .   (no cloak)
rCorr    .         Rampage  .   (no gloves)
Will     .....                  (no boots)
Stlth    ++........             (no amulet)
HPRegen  0.30/turn              (no ring)
MPRegen  0.12/turn              (no ring)

@: lethally poisoned (-8 -> -12), very slightly contaminated, regenerating
quickly, slowed, very slow
A: alive, fangs 3, see invisible, unbreathing 1, vampiric 2
a: Exsanguinate


You were on level 2 of the Dungeon.
You visited 1 branch of the dungeon, and saw 2 of its levels.

You collected 54 gold pieces.

Inventory:

Hand Weapons
 b - a +0 dagger (weapon)
   (You found it on level 1 of the Dungeon)
Armour
 a - a +0 robe (worn)
Scrolls
 c - a scroll of enchant weapon {unknown}
Potions
 d - 2 potions of haste {unknown}
 e - a potion of heal wounds {unknown}
 f - 2 potions of curing {unknown}
 g - a potion of degeneration {unknown}


   Skills:
 - Level 2.1 Dodging
 - Level 3.0 Stealth
 + Level 4.0 Spellcasting
 - Level 4.1 Ice Magic


You had 7 spell levels left.
You knew the following spells:

 Your Spells              Type           Power      Damage    Failure   Level
a - Freeze                Ice            72%        1d9       2%          1
b - Confusing Touch       Hex            3%         N/A       41%         3

Your spell library contained the following spells:

 Spells                   Type           Power      Damage    Failure   Level
 Frozen Ramparts          Ice            36%        1d5       9%          3
 Ozocubu's Armour         Ice            18%        N/A       9%          3
 Gell's Gravitas          Tloc           1%         N/A       41%         3
 Hailstorm                Conj/Ice       11%        3d5       54%         4
 Summon Ice Beast         Ice/Summ       11%        N/A       54%         4
 Petrify                  Tmut/Erth      3%         N/A       82%         4
 Metabolic Englaciation   Hex/Ice        5%         N/A       87%         5
 Yara's Violent Unravell  Hex/Tmut       1%         3d3       99%         5


Dungeon Overview and Level Annotations

Branches:
Dungeon (2/15)

Altars:
Elyvilon
Zin
The Shining One

Annotations:
D:1 staff and potions if you have a wand of digging
D:2 Crazy Yiuf


Innate Abilities, Weirdness & Mutations

Your natural rate of healing is unusually fast.
You have razor-sharp teeth.
You have supernaturally acute eyesight. (SInv)
You can survive without breathing.
You are afflicted with vampirism and can become a bat while bloodless.


Message History

You puncture the endoplasm!
You kill the endoplasm!
You see here a +0 falchion.
You open the door.
There is an open door here.
Found a robe and 7 boomerangs.
A kobold comes into view. It is wielding a +0 short sword.
The gnoll shaman shouts!
Found 28 gold pieces, a robe and 7 arrows.
The kobold shouts!
The kobold throws a stone.
The stone hits you.
Casting: Freeze (safe; 2% risk of failure)
Confirm with . or Enter, or press ? or * to list all spells.
Aiming: Freeze (safe; 2% risk of failure)
Press: ? - help, Shift-Dir - straight line, f - kobold
Aim: a kobold, wielding a +0 short sword and quivering stones You freeze the kobold!
You kill the kobold!
Things that are here:
a +0 short sword; 5 stones; a kobold corpse This spell is extremely dangerous to cast!
Memorise Confusing Touch, consuming 3 spell levels and leaving 7?
You start memorising the spell.
You continue memorising. x3
You finish memorising.
Spell assigned to 'b'.
Things that are here:
a +0 short sword; 5 stones; a kobold corpse
There is an open door here.
Found a long sword.
Okay, then.
You see here 12 sling bullets.
You see here a +0 long sword.
Found a mace.
Found a runed translucent door.
Marking area around Crazy Yiuf as unsafe for travelling.
You're in a travel-excluded area, stopping explore.
Casting: Freeze (safe; 2% risk of failure)
Confirm with . or Enter, or press ? or * to list all spells.
The spell is extremely dangerous to cast (41% risk of failure)!
Continue anyway?
Your hands begin to glow red.
You open the door.
There is an open translucent door here.
Crazy Yiuf shouts!
Crazy Yiuf yells, "Ice chair turtle!"
You hit Crazy Yiuf but do no damage. You hit Crazy Yiuf but do no damage.
Crazy Yiuf appears confused.
You bite Crazy Yiuf, but do no damage.
Crazy Yiuf says, "Have you seen my cloak?"
You strike the helpless Crazy Yiuf from behind!
You hit Crazy Yiuf.
Crazy Yiuf is moderately wounded.
You hit Crazy Yiuf but do no damage.
Crazy Yiuf is moderately wounded.
Crazy Yiuf misses you.
You barely miss Crazy Yiuf. You bite Crazy Yiuf.
Crazy Yiuf is heavily wounded.
Crazy Yiuf seems less confused.
Crazy Yiuf cries, "You leg down broken song, no?"
Crazy Yiuf hits you with a +2 quarterstaff of chaos!
There is an open translucent door here.
Casting: Confusing Touch (extremely dangerous; 41% risk of failure)
Confirm with . or Enter, or press ? or * to list all spells.
The spell is extremely dangerous to cast (41% risk of failure)!
Continue anyway?
Your hands begin to glow red.
Crazy Yiuf hits you with a +2 quarterstaff of chaos!
* * * LOW HITPOINT WARNING * * *
You feel your power leaking away.
Your hands stop glowing.
You see here 12 sling bullets.
Crazy Yiuf cries, "You leg down broken song, no?"
Crazy Yiuf flaps his cloak.
Crazy Yiuf yells, "Snurf!
Ice stair light."
Crazy Yiuf glowers.
Crazy Yiuf laughs, "Whiteboard!"
Crazy Yiuf yells, "Fluff!"
Crazy Yiuf grits, "Tonal spinner high!"
Crazy Yiuf flaps his cloak.
Casting: Confusing Touch (extremely dangerous; 41% risk of failure)
Confirm with . or Enter, or press ? or * to list all spells.
The spell is extremely dangerous to cast (41% risk of failure)!
Continue anyway?
You miscast Confusing Touch.
You are very lightly contaminated with residual magic.
You hear an indistinct dissonance whispering inside your mind.
You feel yourself slow down.
Crazy Yiuf hits you with a +2 quarterstaff of chaos!
* * * LOW HITPOINT WARNING * * *
You are poisoned.
* * * LOW HITPOINT WARNING * * *
You feel very sick.
Crazy Yiuf laughs, "Iron spinner broken!"
* * * LOW HITPOINT WARNING * * *
You feel very sick.
Crazy Yiuf cries, "Mugger cower King!"
Crazy Yiuf barely misses you.
* * * LOW HITPOINT WARNING * * *
You feel sick.
Crazy Yiuf says, "Crazy?
Crazy!?
PORCUPINE!"
* * * LOW HITPOINT WARNING * * *
You feel sick.
Crazy Yiuf says, "Aardvark tired meccalolo!"
Crazy Yiuf hits you with a +2 quarterstaff of chaos!
You die...

##### ##...#############
#.###.##.........#
###########(# #.@.......(..#
............###g##.######.)#
#.###.####.#...###.# #..##
.#.##.# #.##.## #.#
###...##### ###...# #.##.#
##.####.........# .#.##.#
#.##.###....###....#####
#.###.####...........#
##..## #.#
#.##......####...# ##...#
#.# #.##.####.####.#.#
#...##


You could see Crazy Yiuf.

Vanquished Creatures
  2 adders (D:2)
  A worm (D:2)
  2 dart slugs (D:1)
  A bat (D:1)
  3 endoplasms (D:2)
  2 giant cockroaches (D:1)
  4 goblins
  8 hobgoblins
  3 jackals (D:1)
  3 quokkas (D:2)
  2 ball pythons
  4 frilled lizards
  5 kobolds
  3 rats (D:1)
43 creatures vanquished.

Notes
Turn   | Place    | Note
-------+----------+-------------------------------------------
     0 | D:1      | rednaxela the Vampire Ice Elementalist began the quest for
                  | the Orb.
     0 | D:1      | Reached XP level 1. HP: 13/13 MP: 3/3
     3 | D:1      | Noticed an electric eel
     4 | D:1      | Noticed an electric eel
   295 | D:1      | Reached XP level 2. HP: 13/19 MP: 0/5
   696 | D:1      | Reached skill level 3 in Spellcasting
   913 | D:1      | Gained mutation: You are afflicted with vampirism and can
                  | become a bat while bloodless. [Vampire growth]
   913 | D:1      | Reached XP level 3. HP: 24/24 MP: 5/7
  1843 | D:2      | Reached skill level 4 in Spellcasting
  1843 | D:2      | Reached XP level 4. HP: 30/30 MP: 7/10
  1974 | D:2      | Learned a level 3 spell: Confusing Touch
  2040 | D:2      | Found a runed translucent door.
  2041 | D:2      | Noticed Crazy Yiuf
  2117 | D:2      | Mangled by Crazy Yiuf

Illustrated notes

Levels and vault maps discovered:
D:1:      arrival_aquarium_b, layout_loops_corners, st_stairs_3,
          minmay_misc_feat_nine_boxes, chequers_serial_rivers_room_a,
          due_unseen_surprise
D:2:      layout_loops_ring, good_gods_temple_1, lightli_corner_chamber,
          uniq_crazy_yiuf_cottage

Skill      XL: |  1  2  3 |
---------------+----------+-----
Spellcasting   | 3 4 |  4.0
Dodging        | |  2.1
Stealth        | |  3.0
Ice Magic      | |  4.1

Action                   |  1- 3 |  4- 6 || total
-------------------------+-------+-------++-------
Melee: Dagger            |     9 |     7 ||    16
       Bite              |     2 |     2 ||     4
 Cast: Freeze            |    62 |     2 ||    64
       Confusing Touch   |       |     2 ||     2
 Stab: Sleeping          |       |     2 ||     2
       Confused          |       |     1 ||     1
Armor: Robe              |     9 |       ||     9
Dodge: Dodged            |    37 |     2 ||    39

Table legend: (Time is in decaauts)
 A = Elapsed time spent in this place.
 B = Non-inter-level travel time spent in this place.
 C = Inter-level travel time spent in this place.
 D = Time resting spent in this place.
 E = Time spent auto-exploring this place.
 F = Levels seen in this place.
 G = Mean time per level.
                   A        B        C        D        E       F      G
               +--------+--------+--------+--------+--------+-----+--------+
         Total |   2121 |   2068 |     53 |    142 |   1470 |   2 | 1060.5 |
       Dungeon |   2121 |   2068 |     53 |    142 |   1470 |   2 | 1060.5 |
               +--------+--------+--------+--------+--------+-----+--------+

Top non-repeatable levels by time:
     D:1: 1297 daAuts
     D:2: 824 daAuts
